 Dungeon Crawl Stone Soup version 0.28-a0-1524-ge72afd5fc6 (webtiles) character file.

Game seed: 1415692049459621252

9 knot the Chopper (level 2, 22/24 HPs)
             Began as a Demonspawn Berserker on Jan 18, 2022.
             Was a Follower of Trog.
             Quit the game on level 1 of the Dungeon.
             The game lasted 00:00:14 (328 turns).

knot the Chopper (Demonspawn Berserker)              Turns: 328, Time: 00:00:15

Health: 22/24      AC:  2    Str: 17    XL:     2   Next: 6%
Magic:  2/2        EV: 12    Int:  8    God:    Trog [*.....]
Gold:   7          SH:  0    Dex: 12    Spells: 1/1 levels left

rFire   . . .      SeeInvis .   a - +0 hand axe
rCold   . . .      Faith    .   (no shield)
rNeg    . . .      Spirit   .   b - +0 animal skin
rPois   .          Reflect  .   (no helmet)
rElec   .          Harm     .   (no cloak)
rCorr   .          Rampage  .   (no gloves)
Will    .....                   (no boots)
Stlth   +.........              (no amulet)
HPRegen 0.08/turn               (no ring)
MPRegen 0.08/turn               (no ring)

@: no status effects
A: ignite blood 1
a: Renounce Religion, Berserk


You were on level 1 of the Dungeon.
You worshipped Trog.
Trog was aware of your devotion.
You visited 1 branch of the dungeon, and saw 1 of its levels.

You collected 7 gold pieces.

Inventory:

Hand Weapons
 a - a +0 hand axe (weapon)
Missiles
 c - 23 stones (quivered)
Armour
 b - a +0 animal skin (worn)


   Skills:
 - Level 3.0 Fighting
 + Level 3.3 Axes
 - Level 1.7 Armour
 - Level 1.7 Dodging


You had one spell level left.
You didn't know any spells.
Your spell library was empty.

Dungeon Overview and Level Annotations

Branches:
Dungeon (1/15)

Altars:


Innate Abilities, Weirdness & Mutations

Your demonic aura sometimes causes spilled blood to erupt in flames.


Message History

No target in view!
Found a stone staircase leading down.
No target in view!
A goblin comes into view. It is wielding a +0 club.
Found 23 stones.
Found an escape hatch in the floor.
The goblin barely misses you.
You slash the goblin!
You kill the goblin!
Trog accepts your kill.
No target in view!
Things that are here:
a +0 club; a goblin corpse
c - 23 stones A dart slug comes into view.
A dart slug is nearby!
A frilled lizard comes into view.
The frilled lizard hisses angrily.
A goblin comes into view. It is wielding a +0 club.
The goblin shouts!
You slash the dart slug!
The dart slug is severely wounded.
You hit the dart slug.
The dart slug is almost dead.
The dart slug closely misses you. The frilled lizard barely misses you.
You hit the dart slug but do no damage.
The dart slug is almost dead.
You miss the frilled lizard. The dart slug launches a dart at you.
The slug dart hits you. The frilled lizard barely misses you.
You slash the dart slug!
You kill the dart slug!
Trog accepts your kill.
You hit the goblin. You hit the frilled lizard.
You kill the frilled lizard!
Trog accepts your kill. The goblin hits you with a +0 club.
You have reached level 2!
Your demonic ancestry asserts itself...
Your blood heats up.
Are you sure you want to abandon this character and quit the game? (Confirm with "yes".)

. .# #. .... .. #..#
.# #..# .# ###..###
.# ......#
#######g###.#
#..#.###.....@.....#
#..#.....#.###†#####
#.)..>####.# ...
##.#.## #.# .### ###
#.#.# #.# .#
#.###.#.#####.# .#
.#.##....>....# .#
###.....####### ..
.#.######


You could see a goblin.

Vanquished Creatures
  A dart slug (D:1)
  An endoplasm (D:1)
  A giant cockroach (D:1)
  A goblin (D:1)
  A ball python (D:1)
  A bat (D:1)
  A frilled lizard (D:1)
  A rat (D:1)
8 creatures vanquished.

Notes
Turn   | Place    | Note
-------+----------+-------------------------------------------
     0 | D:1      | knot the Demonspawn Berserker began the quest for the Orb.
     0 | D:1      | Reached XP level 1. HP: 18/18 MP: 1/1
   328 | D:1      | Gained mutation: Your demonic aura sometimes causes spilled
                  | blood to erupt in flames. [demonic ancestry]
   328 | D:1      | Reached XP level 2. HP: 22/24 MP: 2/2
   328 | D:1      | Quit the game

Illustrated notes

Levels and vault maps discovered:
D:1:      kilobyte_arrival_exit_the_forest, layout_loops_ring,
          shapermc_ecumenical_altar_pompeii

Skill      XL: |  1 |
---------------+----+-----
Axes           | 3 |  3.3
Fighting       | |  3.0
Armour         | |  1.7
Dodging        | |  1.7

Action                   || total
-------------------------++-------
Melee: Hand axe          ||    20
       Punch             ||     1
 Stab: Sleeping          ||     1
Armor: Animal skin       ||     4
Dodge: Dodged            ||    18

Table legend: (Time is in decaauts)
 A = Elapsed time spent in this place.
 B = Non-inter-level travel time spent in this place.
 C = Inter-level travel time spent in this place.
 D = Time resting spent in this place.
 E = Time spent auto-exploring this place.
 F = Levels seen in this place.
 G = Mean time per level.
                   A        B        C        D        E       F      G
               +--------+--------+--------+--------+--------+-----+--------+
         Total |    332 |    332 |      0 |      0 |    282 |   1 |  332.0 |
       Dungeon |    332 |    332 |      0 |      0 |    282 |   1 |  332.0 |
               +--------+--------+--------+--------+--------+-----+--------+

Top non-repeatable levels by time:
     D:1: 332 daAuts
